 Dungeon Crawl Stone Soup version 0.27.0-1-g7a089689b8 (webtiles) character file.

Game seed: 11354460588901833145

506 ZombieSheep the Skirmisher (level 7, -1/111 HPs)
             Began as an Ogre Berserker on Aug 1, 2021.
             Was a Believer of Trog.
             Slain by a water moccasin (5 damage)
             ... on level 4 of the Dungeon.
             The game lasted 00:09:56 (4358 turns).

ZombieSheep the Skirmisher (Ogre Berserker)         Turns: 4358, Time: 00:09:57

Health: -1/111     AC:  3    Str: 22    XL:     7   Next: 18%
Magic:  7/7        EV: 10    Int:  8    God:    Trog [**....]
Gold:   171        SH:  0    Dex: 10    Spells: 6/6 levels left

rFire    . . .     SeeInvis .   a - +1 mace
rCold    . . .     Faith    .   (no shield)
rNeg     . . .     Spirit   .   b - +0 animal skin
rPois    .         Reflect  .   (helmet restricted)
rElec    .         Harm     .   (no cloak)
rCorr    .         Rampage  .   (gloves unavailable)
Will     .....                  (boots unavailable)
Stlth    ..........             (no amulet)
HPRegen  0.28/turn              (no ring)
MPRegen  0.10/turn              (no ring)

@: berserking, lethally poisoned (-1 -> -3), very quick
A: large, unfitting armour, tough skin 1
a: Renounce Religion, Berserk, Trog's Hand


You were on level 4 of the Dungeon.
You worshipped Trog.
Trog was pleased with you.
You visited 1 branch of the dungeon, and saw 5 of its levels.

You collected 171 gold pieces.

Inventory:

Hand Weapons
 a - a +1 mace (weapon)
Missiles
 d - 152 stones
 h - 32 poisoned darts
 k - 5 boomerangs (quivered)
Armour
 b - a +0 animal skin (worn)
Scrolls
 e - a scroll of magic mapping
 n - a scroll of identify
 o - a scroll of fog
Potions
 c - 2 potions of lignification
 f - a potion of attraction {unknown}
 g - a potion of haste {unknown}
 i - a potion of heal wounds {unknown}
 j - a potion of curing {unknown}
 l - a potion of magic {unknown}


   Skills:
 + Level 5.9 Fighting
 + Level 4.1 Maces & Flails
 + Level 2.4 Throwing
 + Level 2.5 Armour
 + Level 4.1 Dodging


You had 6 spell levels left.
You didn't know any spells.
Your spell library was empty.

Dungeon Overview and Level Annotations

Branches:
Dungeon (5/15)
 Temple: D:4-7

Altars:
Elyvilon
Hepliaklqana
Kikubaaqudgha
Makhleb
Okawaru
Trog
Uskayaw
Xom
Zin

Annotations:
D:5 Eustachio


Innate Abilities, Weirdness & Mutations

You are too large for most types of armour.
You have tough skin. (AC +1)


Message History

Eustachio casts a spell.
Eustachio blinks!
You feel very sick. The water moccasin closely misses you.
You feel very sick.
You feel very sick.
You feel very sick. The water moccasin bites you.
You feel sick.
You see here a ring of magical power.
You feel sick.
You feel sick. The water moccasin barely misses you.
You feel sick.
You feel sick.
You feel sick. The water moccasin bites you.
* * * LOW HITPOINT WARNING * * *
You feel sick.
There is a stone staircase leading up here.
You feel sick.
You are no longer poisoned.
The water moccasin bites you!
* * * LOW HITPOINT WARNING * * *
You are poisoned.
The water moccasin poisons you!
You climb upwards.
* * * LOW HITPOINT WARNING * * *
You feel very sick.
There is a stone staircase leading down here.
A red film seems to cover your vision as you go berserk!
You feel yourself moving faster!
You feel mighty!
You feel sick.
The water moccasin completely misses you.
The water moccasin barely misses you.
You barely miss the water moccasin.
The water moccasin is severely wounded.
You feel sick. The water moccasin bites you.
* * * LOW HITPOINT WARNING * * *
You barely miss the water moccasin.
The water moccasin is severely wounded.
You feel sick. The water moccasin bites you.
You die...

#.# #.# ### #.# #≈# #.#
#≈## #.##### ##≈≈###
#.....# #.≈≈..## #####.#
#.≈≈...##
#####.############.≈≈....#
...:...........S@..≈≈....#
#####....#######.≈≈≈≈.≈≈.#
### #....# #...≈≈..≈.# ..#
#....# #...≈≈....# ..#
#....########.≈≈≈≈≈..# ..#
#.............≈≈≈.≈..# ###
#..........##..≈≈≈.).#
#####..........##≈≈≈≈.≈..#
................§§.§§§§≈§#


You could see a water moccasin.

Vanquished Creatures
  Grinder (D:4)
  A centaur (D:4)
  3 hounds
  A hound skeleton (D:4)
  4 adders
  An ufetubus (D:4)
  2 dart slugs (D:4)
  8 orcs (D:4)
  3 ball pythons
  4 endoplasms
  2 giant cockroaches
  9 goblins
  11 hobgoblins
  2 jackals (D:4)
  7 bats
  2 frilled lizards
  6 kobolds
  4 rats
71 creatures vanquished.

Notes
Turn   | Place    | Note
-------+----------+-------------------------------------------
     0 | D:1      | ZombieSheep the Ogre Berserker began the quest for the Orb.
     0 | D:1      | Reached XP level 1. HP: 24/24 MP: 1/1
   148 | D:1      | Reached XP level 2. HP: 29/32 MP: 2/2
   789 | D:2      | Reached XP level 3. HP: 40/40 MP: 3/3
   856 | D:2      | Reached skill level 1 in Armour
  1032 | D:2      | Reached ** piety under Trog
  1330 | D:2      | Found a shimmering altar of Xom.
  1361 | D:2      | Found a faded altar of an unknown god.
  1435 | D:3      | Reached XP level 4. HP: 20/49 MP: 4/4
  1680 | D:3      | Found a hazy altar of Hepliaklqana.
  1682 | D:3      | Found a glowing silver altar of Zin.
  2036 | D:3      | Found a bloodstained altar of Trog.
  2277 | D:3      | Found an ancient bone altar of Kikubaaqudgha.
  2319 | D:3      | Found an iron altar of Okawaru.
  2538 | D:4      | Noticed Grinder
  2558 | D:4      | Killed Grinder
  2559 | D:4      | Reached skill level 5 in Fighting
  2559 | D:4      | Reached skill level 1 in Throwing
  2559 | D:4      | Reached XP level 5. HP: 20/57 MP: 5/5
  2559 | D:4      | Reached XP level 6. HP: 24/66 MP: 6/6
  2824 | D:4      | Found a burning altar of Makhleb.
  3188 | D:4      | Reached XP level 7. HP: 13/74 MP: 7/7
  3672 | D:4      | Found a white marble altar of Elyvilon.
  3675 | D:4      | Found a hide-covered altar of Uskayaw.
  3759 | D:4      | Found a shimmering altar of Xom.
  4292 | D:5      | Entered Level 5 of the Dungeon
  4325 | D:5      | Noticed Eustachio
  4357 | D:4      | HP: 5/111 [water moccasin (4)]
  4358 | D:4      | Slain by a water moccasin

Illustrated notes

Levels and vault maps discovered:
D:1:      zelgadis_glass_arrival_small, layout_basic, chequers_avenue,
          serial_park_tiny_2
D:2:      layout_rooms, chequers_ecumenical_altar_lobes, basic_altar,
          minmay_surrounded
D:3:      layout_basic, mainiacjoe_overflow_catwalk,
          kennysheep_okawaru_gauntlet, grunt_temple_overflow_open
D:4:      wander_river, layout_basic, nicolae_overflow_crystal_walls,
          mainiacjoe_overflow_alcove_4, gammafunk_temple_overflow_pools,
          chequers_serial_rivers_small_3, minmay_manual_mail, uniq_grinder
D:5:      layout_rooms, serial_shops, nicolae_shop_behind_doors, uniq_sigmund,
          uniq_eustachio

Skill      XL: |  1  2  3  4  5  6 |
---------------+-------------------+-----
Dodging        | 3 4 |  4.1
Maces & Flails | 3 4 |  4.1
Armour         | 1 2 |  2.5
Fighting       | 5 |  5.9
Throwing       | 1 2 |  2.4

Action                   |  1- 3 |  4- 6 |  7- 9 || total
-------------------------+-------+-------+-------++-------
Melee: Mace              |    98 |    80 |    27 ||   205
Throw: Stone             |     3 |    40 |     4 ||    47
       Dart              |       |     4 |       ||     4
       Boomerang         |       |       |    27 ||    27
Invok: Berserk           |     1 |     2 |     1 ||     4
  Use: Scroll            |     4 |     2 |     3 ||     9
Armor: Animal skin       |    32 |    27 |     6 ||    65
Dodge: Dodged            |    56 |    53 |    22 ||   131
